MWL
QUAD CITIES ANGELS @ WISCONSIN RAPIDS TIMBER RATTLERS
07/04/1982
 
TOP OF THE 1ST
Quad Cities Angels batting - Pitching for Wisconsin Rapids Timber Rattlers : LHP Michael Maack
Pitching: LHP Michael Maack
Batting: RHB Mike Sharperson 0-0: Ball
1-0: Called Strike
1-1: Foul Ball, location: 2F
1-2: Ball
2-2: Foul Ball, location: 2F
2-2: Ball
3-2: Fly out, F7 (Flyball, 78D, EV 89.4 MPH)
Batting: SHB Brian Butera 0-0: Called Strike
0-1: Foul Ball, location: 2F
0-2: Ball
1-2: Foul Ball, location: 2F
1-2: SINGLE (Line Drive, 9S, EV 100.6 MPH)
Batting: LHB Bob Helsom 0-0: Ball
1-0: Called Strike
1-1: Called Strike
1-2: Foul Ball, location: 2F
1-2: Foul Ball, location: 2F
1-2: Ball
2-2: Ball
3-2: 2-RUN HOME RUN (Flyball, 9D, EV 101.3 MPH), Distance : 356 ft
Batting: RHB Greg Griffin 0-0: Ball
1-0: Ball
2-0: Fly out, F9 (Flyball, 89S, EV 79.4 MPH)
Batting: LHB Chuck Sandberg 0-0: Ball
1-0: Foul Ball, location: 2F
1-1: Foul Ball, location: 2F
1-2: Ball
2-2: Ball
3-2: SOLO HOME RUN (Flyball, 9D, EV 93.1 MPH), Distance : 361 ft
Batting: RHB Oscar Mejia 0-0: Foul Ball, location: 2F
0-1: Ball
1-1: DOUBLE (Groundball, 5L, EV 103.1 MPH)
Batting: SHB Danny Montero 0-0: Ball
1-0: Called Strike
1-1: Called Strike
1-2: Foul Ball, location: 2F
1-2: Strikes out looking
Top of the 1st over - 3 runs, 4 hits, 0 errors, 1 left on base; Quad Cities 3 - Wisconsin Rapids 0
BOTTOM OF THE 1ST
Wisconsin Rapids Timber Rattlers batting - Pitching for Quad Cities Angels : RHP Mark Brown
Pitching: RHP Mark Brown
Batting: RHB Tim Pyznarski 0-0: Ball
1-0: Ball
2-0: Ball
3-0: Base on Balls
Batting: RHB Jim Presley 0-0: Called Strike
Tim Pyznarski steals 2nd base
0-1: Ball
1-1: Ground out 6-3 (Groundball, 6S, EV 73.1 MPH)
Tim Pyznarski to third
Batting: LHB Dion James 0-0: Ball
1-0: Foul Ball, location: 2F
1-1: Fly out, F9 (Flyball, 9D, EV 98.1 MPH)
Runner from 3rd tags up, OUT at HOME! 9-2
Bottom of the 1st over - 0 runs, 0 hits, 0 errors, 0 left on base; Quad Cities 3 - Wisconsin Rapids 0
TOP OF THE 2ND
Quad Cities Angels batting - Pitching for Wisconsin Rapids Timber Rattlers : LHP Michael Maack
Batting: RHB Cecil Strawn 0-0: Called Strike
0-1: Ball
1-1: Ball
2-1: Foul Ball, location: 2F
2-2: Foul Ball, location: 2F
2-2: Ground out 6-3 (Groundball, 6, EV 88.8 MPH)
Batting: SHB Frank Diaz 0-0: Called Strike
0-1: Ball
1-1: Foul Ball, location: 2F
1-2: Foul Ball, location: 2F
1-2: Ball
2-2: Strikes out swinging
Batting: RHB Mike Sharperson 0-0: Called Strike
0-1: Ball
1-1: SINGLE (Groundball, 56S, EV 69.4 MPH) (infield hit)
Batting: SHB Brian Butera 0-0: Foul Ball, location: 2F
0-1: Ball
1-1: Fielders Choice at 2nd, 6-4 (Groundball, 6, EV 90.6 MPH)
Top of the 2nd over - 0 runs, 1 hit, 0 errors, 1 left on base; Quad Cities 3 - Wisconsin Rapids 0
BOTTOM OF THE 2ND
Wisconsin Rapids Timber Rattlers batting - Pitching for Quad Cities Angels : RHP Mark Brown
Batting: LHB Greg Smith 0-0: Ball
1-0: Ball
2-0: Ball
3-0: Base on Balls
Batting: RHB Barbaro Garbey 0-0: Foul Ball, location: 2F
0-1: Ball
1-1: Ball
2-1: Ball
3-1: Foul Ball, location: 2F
3-2: Base on Balls
Greg Smith to second
Batting: LHB Matt Hall 0-0: Foul Ball, location: 2F
0-1: Fielders Choice at 2nd, 6-4 (Groundball, 56, EV 88.8 MPH)
Greg Smith to third
Batting: RHB Darryl Motley 0-0: Foul Ball, location: 2F
0-1: Ball
Matt Hall is caught stealing 2nd base 2-4
1-1: Fly out, F9 (Flyball, 9D, EV 82.5 MPH)
Bottom of the 2nd over - 0 runs, 0 hits, 0 errors, 1 left on base; Quad Cities 3 - Wisconsin Rapids 0
TOP OF THE 3RD
Quad Cities Angels batting - Pitching for Wisconsin Rapids Timber Rattlers : LHP Michael Maack
Batting: LHB Bob Helsom 0-0: Ball
1-0: Called Strike
1-1: Swinging Strike
1-2: Strikes out swinging
Batting: RHB Greg Griffin 0-0: Ball
1-0: Ball
2-0: Ball
3-0: Called Strike
3-1: Swinging Strike
3-2: Fly out, F6 (Flyball, 56D, EV 91.3 MPH)
Batting: LHB Chuck Sandberg 0-0: Called Strike
0-1: Ball
1-1: Ball
2-1: Foul Ball, location: 2F
2-2: Ball
3-2: SINGLE (Groundball, 6MD, EV 96.3 MPH)
Batting: RHB Oscar Mejia 0-0: Called Strike
0-1: Ball
1-1: Ball
2-1: 2-RUN HOME RUN (Line Drive, 9D, EV 101.9 MPH), Distance : 376 ft
Pitching: RHP Juan Maravilla
Batting: SHB Danny Montero 0-0: Ball
1-0: Ball
2-0: Called Strike
2-1: Called Strike
2-2: Ball
3-2: Strikes out swinging
Top of the 3rd over - 2 runs, 2 hits, 0 errors, 0 left on base; Quad Cities 5 - Wisconsin Rapids 0
BOTTOM OF THE 3RD
Wisconsin Rapids Timber Rattlers batting - Pitching for Quad Cities Angels : RHP Mark Brown
Batting: RHB Al Pedrique 0-0: Ball
1-0: Ball
2-0: Fly out, F8 (Line Drive, 8RM, EV 109.4 MPH)
Batting: RHB David Peterson 0-0: Ball
1-0: Foul Ball, location: 2F
1-1: Fly out, F8 (Flyball, 78D, EV 95.6 MPH)
Batting: RHB Tim Pyznarski 0-0: Foul Ball, location: 2F
0-1: Ball
1-1: Called Strike
1-2: Ball
2-2: Ball
3-2: Foul Ball, location: 2F
3-2: Strikes out swinging
Bottom of the 3rd over - 0 runs, 0 hits, 0 errors, 0 left on base; Quad Cities 5 - Wisconsin Rapids 0
TOP OF THE 4TH
Quad Cities Angels batting - Pitching for Wisconsin Rapids Timber Rattlers : RHP Juan Maravilla
Batting: RHB Cecil Strawn 0-0: Fly out, F3 (Popup, 3SF, EV 81.9 MPH)
Batting: SHB Frank Diaz 0-0: Ball
1-0: Ball
2-0: Ball
3-0: Called Strike
3-1: Fly out, F6 (Popup, 6S, EV 65.0 MPH)
Batting: RHB Mike Sharperson 0-0: Ball
1-0: Called Strike
1-1: Swinging Strike
1-2: Foul Ball, location: 2F
1-2: Strikes out swinging
Top of the 4th over - 0 runs, 0 hits, 0 errors, 0 left on base; Quad Cities 5 - Wisconsin Rapids 0
BOTTOM OF THE 4TH
Wisconsin Rapids Timber Rattlers batting - Pitching for Quad Cities Angels : RHP Mark Brown
Batting: RHB Jim Presley 0-0: Foul Ball, location: 2F
0-1: Ball
1-1: Fly out, F7 (Flyball, 7, EV 76.9 MPH)
Batting: LHB Dion James 0-0: Ball
1-0: Foul Ball, location: 2F
1-1: Fly out, F9 (Line Drive, 9D, EV 88.1 MPH)
Batting: LHB Greg Smith 0-0: Foul Ball, location: 2F
0-1: SINGLE (Line Drive, 5D, EV 103.8 MPH)
Pitching: RHP Rickey Lear
Batting: RHB Barbaro Garbey 0-0: Ball
1-0: Ball
Greg Smith steals 2nd base
2-0: Called Strike
2-1: Foul Ball, location: 2F
2-2: Strikes out looking
Bottom of the 4th over - 0 runs, 1 hit, 0 errors, 1 left on base; Quad Cities 5 - Wisconsin Rapids 0
TOP OF THE 5TH
Quad Cities Angels batting - Pitching for Wisconsin Rapids Timber Rattlers : RHP Juan Maravilla
Batting: SHB Brian Butera 0-0: Ball
1-0: Ball
2-0: Ground out 6-3 (Groundball, 6, EV 85.6 MPH)
Batting: LHB Bob Helsom 0-0: Swinging Strike
0-1: Fly out, F8 (Line Drive, 8LD, EV 89.4 MPH)
Batting: RHB Greg Griffin 0-0: Ball
1-0: Fly out, F9 (Flyball, 9LD, EV 97.5 MPH)
Top of the 5th over - 0 runs, 0 hits, 0 errors, 0 left on base; Quad Cities 5 - Wisconsin Rapids 0
BOTTOM OF THE 5TH
Wisconsin Rapids Timber Rattlers batting - Pitching for Quad Cities Angels : RHP Rickey Lear
Batting: LHB Matt Hall 0-0: Fly out, F6 (Popup, 6S, EV 79.4 MPH)
Batting: RHB Darryl Motley 0-0: Foul Ball, location: 2F
0-1: Ball
1-1: DOUBLE (Groundball, 5L, EV 104.4 MPH)
Batting: RHB Al Pedrique 0-0: Ball
Darryl Motley is caught stealing 3rd base 2-5
1-0: Swinging Strike
1-1: Swinging Strike
1-2: Ball
2-2: Foul Ball, location: 2F
2-2: Fly out, F4 (Popup, 4, EV 60.0 MPH)
Bottom of the 5th over - 0 runs, 1 hit, 0 errors, 0 left on base; Quad Cities 5 - Wisconsin Rapids 0
TOP OF THE 6TH
Quad Cities Angels batting - Pitching for Wisconsin Rapids Timber Rattlers : RHP Juan Maravilla
Batting: LHB Chuck Sandberg 0-0: Called Strike
0-1: Ball
1-1: Swinging Strike
1-2: Ball
2-2: Ball
3-2: Base on Balls
Batting: RHB Oscar Mejia 0-0: Ball
1-0: Called Strike
1-1: Grounds into double play, 6-4-3 (Groundball, 6, EV 103.1 MPH)
Batting: SHB Danny Montero 0-0: Ball
1-0: Foul Ball, location: 2F
1-1: Ball
2-1: Fly out, F8 (Flyball, 8LM, EV 79.4 MPH)
Top of the 6th over - 0 runs, 0 hits, 0 errors, 0 left on base; Quad Cities 5 - Wisconsin Rapids 0
BOTTOM OF THE 6TH
Wisconsin Rapids Timber Rattlers batting - Pitching for Quad Cities Angels : RHP Rickey Lear
Batting: RHB David Peterson 0-0: Called Strike
0-1: Ball
1-1: Foul Ball, location: 2F
1-2: Fly out, F7 (Flyball, 78S, EV 83.1 MPH)
Batting: RHB Tim Pyznarski 0-0: Ball
1-0: Foul Ball, location: 2F
1-1: Swinging Strike
1-2: Foul Ball, location: 2F
1-2: SOLO HOME RUN (Flyball, 7D, EV 93.8 MPH), Distance : 369 ft
Batting: RHB Jim Presley 0-0: Called Strike
0-1: Foul Ball, location: 2F
0-2: Ball
1-2: Ball
2-2: Foul Ball, location: 2F
2-2: Ball
3-2: Foul Ball, location: 2F
3-2: Ground out 6-3 (Groundball, 6, EV 101.3 MPH)
Batting: LHB Dion James 0-0: Ball
1-0: Ball
2-0: Foul Ball, location: 2F
2-1: Called Strike
2-2: Fly out, F9 (Flyball, 9, EV 86.9 MPH)
Bottom of the 6th over - 1 run, 1 hit, 0 errors, 0 left on base; Quad Cities 5 - Wisconsin Rapids 1
TOP OF THE 7TH
Quad Cities Angels batting - Pitching for Wisconsin Rapids Timber Rattlers : RHP Juan Maravilla
Batting: RHB Cecil Strawn 0-0: Foul Ball, location: 2F
0-1: Swinging Strike
0-2: Ball
1-2: Foul Ball, location: 2F
1-2: Strikes out swinging
Batting: SHB Frank Diaz 0-0: Called Strike
0-1: Foul Ball, location: 2F
0-2: Ball
1-2: Strikes out swinging
Batting: RHB Mike Sharperson 0-0: Called Strike
0-1: Ground out 4-3 (Groundball, 4, EV 101.9 MPH)
Top of the 7th over - 0 runs, 0 hits, 0 errors, 0 left on base; Quad Cities 5 - Wisconsin Rapids 1
BOTTOM OF THE 7TH
Wisconsin Rapids Timber Rattlers batting - Pitching for Quad Cities Angels : RHP Rickey Lear
Batting: LHB Greg Smith 0-0: Called Strike
0-1: Fly out, F8 (Flyball, 8LD, EV 105.6 MPH)
Batting: RHB Barbaro Garbey 0-0: SINGLE (Line Drive, 89M, EV 109.4 MPH)
Batting: LHB Matt Hall 0-0: Called Strike
0-1: Ball
1-1: Ball
2-1: Fly out, F7 (Line Drive, 7, EV 103.1 MPH)
Batting: RHB Darryl Motley 0-0: Ball
1-0: Ball
2-0: Foul Ball, location: 2F
2-1: Ball
3-1: Foul Ball, location: 2F
3-2: Foul Ball, location: 2F
3-2: Base on Balls
Barbaro Garbey to second
Batting: RHB Al Pedrique 0-0: Swinging Strike
0-1: Fly out, F9 (Flyball, 9D, EV 105.0 MPH)
Bottom of the 7th over - 0 runs, 1 hit, 0 errors, 2 left on base; Quad Cities 5 - Wisconsin Rapids 1
TOP OF THE 8TH
Quad Cities Angels batting - Pitching for Wisconsin Rapids Timber Rattlers : RHP Juan Maravilla
Batting: SHB Brian Butera 0-0: Ball
1-0: Swinging Strike
1-1: Fly out, F9 (Flyball, 9S, EV 88.8 MPH)
Batting: LHB Bob Helsom 0-0: Ball
1-0: Fly out, F9 (Line Drive, 9, EV 86.3 MPH)
Batting: RHB Greg Griffin 0-0: Swinging Strike
0-1: Ball
1-1: Ball
2-1: Ball
3-1: Base on Balls
Pitching: LHP Mercedes Esquer
Batting: LHB Chuck Sandberg 0-0: Ball
1-0: Fly out, F4 (Popup, 4D, EV 53.1 MPH)
Top of the 8th over - 0 runs, 0 hits, 0 errors, 1 left on base; Quad Cities 5 - Wisconsin Rapids 1
BOTTOM OF THE 8TH
Wisconsin Rapids Timber Rattlers batting - Pitching for Quad Cities Angels : RHP Rickey Lear
Batting: RHB David Peterson 0-0: Ball
1-0: Ball
2-0: Foul Ball, location: 2F
2-1: Called Strike
2-2: Foul Ball, location: 2F
2-2: Ball
3-2: Base on Balls
Pitching: RHP Charles Belk
Batting: RHB Tim Pyznarski 0-0: Ball
1-0: DOUBLE (Line Drive, 8RXD, EV 110.6 MPH)
David Peterson to third
Batting: RHB Jim Presley 0-0: Ground out 1-3 (Groundball, 13S, EV 62.5 MPH)
Batting: LHB Dion James 0-0: Called Strike
0-1: Ball
1-1: Ball
2-1: SINGLE (Line Drive, 34D, EV 100.6 MPH)
David Peterson scores
Tim Pyznarski to third
Batting: LHB Greg Smith 0-0: Foul Ball, location: 2F
0-1: Ground out 5-3 (Groundball, 5S, EV 76.3 MPH)
Dion James to second
Batting: RHB Barbaro Garbey 0-0: Ball
1-0: Swinging Strike
1-1: Foul Ball, location: 2F
1-2: Ground out 5-3 (Groundball, 56S, EV 71.9 MPH)
Bottom of the 8th over - 1 run, 2 hits, 0 errors, 2 left on base; Quad Cities 5 - Wisconsin Rapids 2
TOP OF THE 9TH
Quad Cities Angels batting - Pitching for Wisconsin Rapids Timber Rattlers : LHP Mercedes Esquer
Batting: RHB Oscar Mejia 0-0: Ball
1-0: Called Strike
1-1: Called Strike
1-2: Fly out, F7 (Flyball, 78D, EV 101.3 MPH)
Batting: SHB Danny Montero 0-0: Ball
1-0: Foul Ball, location: 2F
1-1: Swinging Strike
1-2: Fly out, F9 (Flyball, 9LS, EV 94.4 MPH)
Batting: RHB Cecil Strawn 0-0: Ball
1-0: Ball
2-0: Called Strike
2-1: Called Strike
2-2: Strikes out swinging
Top of the 9th over - 0 runs, 0 hits, 0 errors, 0 left on base; Quad Cities 5 - Wisconsin Rapids 2
BOTTOM OF THE 9TH
Wisconsin Rapids Timber Rattlers batting - Pitching for Quad Cities Angels : RHP Charles Belk
Pitching: LHP Michael Shoaf
Batting: LHB Matt Hall 0-0: Ball
1-0: Ball
2-0: Ball
3-0: Base on Balls
Batting: RHB Darryl Motley 0-0: Ball
1-0: Swinging Strike
1-1: Ball
2-1: Fly out, F8 (Flyball, 89D, EV 89.4 MPH)
Batting: RHB Al Pedrique 0-0: Ball
1-0: Ball
2-0: Fielders Choice at 2nd, 6-4 (Groundball, 6, EV 106.3 MPH)
Batting: RHB David Peterson 0-0: SINGLE (Line Drive, 56D, EV 99.4 MPH)
Al Pedrique to second
Batting: RHB Tim Pyznarski 0-0: Ball
1-0: Ball
2-0: Fly out, F9 (Line Drive, 9, EV 102.5 MPH)
Bottom of the 9th over - 0 runs, 1 hit, 0 errors, 2 left on base; Quad Cities 5 - Wisconsin Rapids 2
Thursday, August 13th, 2020 - OOTP Baseball 21.5 Build 76